Yev-Ruu, chaotic female vampiric Convict ------------- ----- |........**.| ##-.<.. |...........| # |%..| |..._.......| # |...| |..@........| # ----- |.......@...| # --------|---- # # # ### # # # ## # ----.---------# |........[...|# |............|# |....$.......-# |............| |............| -------------- Yev-Ruu the Detainee Experience level: 2 Strength: 12 Dexterity: 12 Constitution: 20 Intelligence: 16 Wisdom: 8 Charisma: 8 Health: 23(23) Energy: 12(12) AC: 10 Gold: 0 Moves: 366 Your Inventory: Amulets f - an [uncursed] pyramidal amulet [of life saving] R - a cursed amulet of strangulation (being worn) T - a [cursed] octagonal amulet [of restful sleep] Armor b - a cursed +0 striped shirt Rings i - an [uncursed] +2 ring of gain intelligence (on right hand) j - an [uncursed] ring of stealth (on left hand) k - an [uncursed] engagement ring [of slow digestion] l - a [cursed] jet ring [of hunger] m - an [uncursed] sapphire ring [of free action] n - a [cursed] granite ring [of polymorph] o - an [uncursed -2] silver ring [of increase accuracy] p - a [cursed -2] agate ring [of protection] q - an [uncursed +4] agate ring [of protection] r - an [uncursed] gold ring [of see invisible] s - an [uncursed] opal ring [of sustain ability] t - a [blessed +2] plastic ring [of gain wisdom] u - an [uncursed] amber ring [of warning] v - an [uncursed] mithril ring [of levitation] w - an [uncursed] engagement ring [of slow digestion] x - an [uncursed +0] ridged ring [of gain strength] y - an [uncursed] wire ring [of fire resistance] z - an [uncursed] ring of stealth A - an [uncursed +0] ring of gain intelligence B - an [uncursed] wire ring [of fire resistance] C - an [uncursed] gold ring [of see invisible] D - an [uncursed] amber ring [of warning] E - an [uncursed] ring of stealth F - a [cursed -1] silver ring [of increase accuracy] G - a [cursed -1] ring of gain intelligence H - an [uncursed] sapphire ring [of free action] I - an [uncursed] citrine ring [of protection from shape changers] J - an [uncursed] platinum ring [of invisibility] K - an [uncursed] mithril ring [of levitation] L - a [cursed] ivory ring [of conflict] M - an [uncursed] citrine ring [of protection from shape changers] N - an [uncursed] jade ring [of cold resistance] O - an [uncursed] amber ring [of warning] P - a [cursed -2] ring of gain intelligence Q - a [cursed] jet ring [of hunger] S - an [uncursed] jacinth ring [of poison resistance] Tools c - an uncursed blindfold Gems a - 11 uncursed rocks (in quiver) U - an [uncursed] yellowish brown gem [worthless glass] V - an [uncursed] white gem [worthless glass] W - an [uncursed] gray stone [luckstone] X - an [uncursed] green gem [jade] Iron balls d - an [uncursed] heavy iron ball (chained to you) (weapon in hand) Spells known in the end: Name Level Category Fail Memory Your skills at the end: Fighting Skills Weapon Skills sling [Basic / Skilled] Spellcasting Skills Final Attributes: You were fervently aligned. Hunger level was 44. Your alignment was 11 / 11. Monster difficulty range was 0 - 2. Level difficulty was 3. You were immune to level-drain. You were immune to sickness. You were punished. You saw invisible. You were stealthy. You could fly. You could survive without air. You regenerated. You were lucky (3). You had extra luck. Bad luck did not time out for you. Good luck did not time out for you. Tymora was angry with you (1). You are dead. Vanquished creatures: a coyote 2 giant rats a jackal a fox 2 grid bugs a kobold zombie 8 creatures vanquished. Voluntary challenges: You pretended to be an atheist. You were a nudist. You left the true Path of Zen. You went without food. You never hit with a wielded weapon. You read items or engraved 2 times. You never genocided any monsters. You never polymorphed an object. You never changed form. You used no wishes. You abstained from Elbereth's help. You never encountered a bones level. You never used any Sokoban shortcuts. Dungeon overview: The Dungeons of Doom: levels 1 to 3 Level 1 a long staircase Level 3 <- You were here a jewelry store History has recorded: On T:1 you entered the Dungeons of Doom to retrieve the Amulet of Yendor! On T:55 you reached level 2 of The Dungeons of Doom. On T:176 you advanced to experience level 2. On T:221 you reached level 3 of The Dungeons of Doom. Latest messages: You take off a pyramidal amulet. It constricts your throat! Oops; that feels deathly cold. You wear a cursed amulet of strangulation (unpaid, 266 zorkmids). You wear a +2 ring of gain intelligence (on right hand) (unpaid, 200 zorkmids). Your neck is becoming constricted. You move very quietly. You wear a ring of stealth (on left hand) (unpaid, 133 zorkmids). Your blood is having trouble reaching your brain. There are no more ring-fingers to fill. Never mind. Never mind. You begin praying to Tymora. The pressure on your neck increases. Your consciousness is fading. You suffocate. Havic comes and takes all your possessions. Final status: Goodbye Yev-Ruu the Convict... You died in The Dungeons of Doom on dungeon level 3 with 232 points, and 0 pieces of gold, after 366 moves. You were level 2 with a maximum of 23 hit points when you died.